[Event "Team 45 45 League T36"]
[Site "Internet Chess Club"]
[Date "2008.03.01"]
[Round "6"]
[White "onslaught"]
[Black "Goji"]
[Result "1-0"]
[WhiteElo "2172"]
[BlackElo "2316"]
[Opening "Ruy Lopez: closed"]
[ECO "C90"]
[Time "16:13:24"]
[TimeControl "2700+45"]

1. e4 e5 2. Nf3 Nc6 3. Bb5 a6 4. Ba4 Nf6 5. O-O b5 6. Bb3 Be7 7. Re1 d6 8. c3
Bg4 9. h3 Bh5 10. d3 Qd7 11. Nbd2 g5 12. Nf1 g4 13. hxg4 Bxg4 14. Ne3 Rg8 15. a4
Rb8 16. axb5 axb5 17. Bd2 Nh5 18. Nd5 Bh3 19. Ng5 Bxg5 20. Qxh5 Bd8 21. g3 Qg4
22. Nf6+ Bxf6 23. Qxf7+ Kd8 24. Qxf6+ Kd7 25. Bxg8 Rxg8 26. d4 exd4 27. Qf7+ Ne7
28. e5 d5 29. e6+ Kc6 30. Qxe7 Qf3 31. Qd7+ Kb6 32. Ra6+ Kxa6 33. Qc6+ Ka7 34.
Ra1+ Kb8 35. Ra8# {Black checkmated} 1-0

[Event "Team 45 45 League T36"]
[Site "Internet Chess Club"]
[Date "2008.02.29"]
[Round "6"]
[White "PandorasBox"]
[Black "SpikeyJ"]
[Result "1/2-1/2"]
[WhiteElo "2042"]
[BlackElo "2156"]
[Opening "Bird's opening"]
[ECO "A02"]
[Time "17:11:20"]
[TimeControl "2700+45"]

1. f4 d6 2. Nf3 Bg4 3. e4 Nf6 4. Nc3 e6 5. h3 Bxf3 6. Qxf3 d5 7. e5 Nfd7 8. d4
c5 9. Be3 cxd4 10. Bxd4 Nc6 11. Bf2 Qa5 12. O-O-O Bb4 13. a3 Bxc3 14. Qxc3 {Game
drawn by mutual agreement} 1/2-1/2

[Event "Team 45 45 League T36"]
[Site "Internet Chess Club"]
[Date "2008.03.02"]
[Round "6"]
[White "Juiceboat"]
[Black "Maurycy"]
[Result "1-0"]
[WhiteElo "2128"]
[BlackElo "1749"]
[Opening "Réti opening"]
[ECO "A30"]
[Time "08:59:18"]
[TimeControl "2700+45"]

1. Nf3 c5 2. c4 Nf6 3. g3 Nc6 4. Bg2 d5 5. d4 dxc4 6. Nc3 e6 7. Be3 Be7 8. Qa4
O-O 9. dxc5 Ng4 10. Qxc4 Nxe3 11. fxe3 Qa5 12. Qb5 Bxc5 13. Kf2 a6 14. Qxa5 Nxa5
15. Ne5 Rb8 16. Rac1 Bd6 17. Nf3 b5 18. Rhd1 Be7 19. Ne5 Rd8 20. Rxd8+ Bxd8 21.
Ne4 Bf6 22. Nxf6+ gxf6 23. Nc6 Nxc6 24. Rxc6 Kg7 25. Rd6 e5 26. Rd8 f5 27. e4
Kf6 28. exf5 Ke7 29. Rh8 b4 30. f6+ Kxf6 31. Bh3 {Black resigns} 1-0

[Event "Team 45 45 League T36"]
[Site "Internet Chess Club"]
[Date "2008.03.01"]
[Round "6"]
[White "Turlock"]
[Black "fledermaus"]
[Result "1/2-1/2"]
[WhiteElo "1729"]
[BlackElo "1956"]
[Opening "Alekhine's defense: Scandinavian variation"]
[ECO "B02"]
[Time "11:06:27"]
[TimeControl "2700+45"]

1. e4 Nf6 2. Nc3 d5 3. exd5 Nxd5 4. Nf3 Bg4 5. Bc4 c6 6. d4 e6 7. Ne4 Nd7 8. Bg5
N7f6 9. Ng3 Qb6 10. Bb3 h6 11. Bxf6 Nxf6 12. c3 Bd6 13. h3 Bxf3 14. Qxf3 Qc7 15.
Ne4 Nxe4 16. Qxe4 O-O-O 17. O-O-O Rhe8 18. Rd3 Kb8 19. Rhd1 Bf8 {Game drawn by
mutual agreement} 1/2-1/2

[Event "Team 45 45 League T36"]
[Site "Internet Chess Club"]
[Date "2008.02.29"]
[Round "6"]
[White "ranaamasonika"]
[Black "f5"]
[Result "1/2-1/2"]
[WhiteElo "2230"]
[BlackElo "2282"]
[Opening "Ruy Lopez: closed, 7...O-O"]
[ECO "C88"]
[Time "16:22:11"]
[TimeControl "2700+45"]

1. e4 e5 2. Nf3 Nc6 3. Bb5 a6 4. Ba4 Nf6 5. O-O Be7 6. Re1 b5 7. Bb3 O-O 8. h3
Bb7 9. d3 d6 10. c3 Na5 11. Bc2 c5 12. Nbd2 Qc7 13. Nf1 Rfe8 14. Ng3 d5 15. Nf5
Bf8 16. Qe2 dxe4 17. dxe4 Nc6 18. Bg5 Nd7 19. Rad1 f6 20. Bc1 Rad8 21. a4 c4 22.
axb5 axb5 23. b3 Na5 24. b4 Nc6 25. Nh2 Nb6 26. Ng4 Rxd1 27. Rxd1 Rd8 28. f3 Nc8
29. Be3 N6e7 30. Nxe7+ Bxe7 31. Kf1 Rxd1+ 32. Qxd1 Qd6 33. Qd2 h5 34. Nf2 Qxd2
35. Bxd2 Bd8 36. Be3 Bb6 37. Nd1 h4 38. Kf2 Kf7 39. g3 hxg3+ 40. Kxg3 Ke6 41. h4
g6 42. Kg4 Bxe3 43. Nxe3 Ne7 44. f4 Bc8 45. f5+ Kf7 46. Kf3 Bb7 47. Kg4 gxf5+
48. exf5 Kg7 49. Kg3 Bc6 50. Kg4 Nc8 51. Kg3 Nd6 52. Kg4 Nc8 53. Kg3 Ne7 54. Kg4
Nd5 55. Nxd5 Bxd5 56. Bb1 Kh6 57. Bc2 Bh1 58. Kg3 Bd5 59. Kg4 Bh1 {Game drawn by
mutual agreement} 1/2-1/2

[Event "Team 45 45 League T36"]
[Site "Internet Chess Club"]
[Date "2008.02.29"]
[Round "6"]
[White "gyoung"]
[Black "Gokhtra"]
[Result "0-1"]
[WhiteElo "2238"]
[BlackElo "2273"]
[Opening "Ruy Lopez: Schliemann defense, Berger variation"]
[ECO "C63"]
[Time "20:01:32"]
[TimeControl "2700+45"]

1. e4 e5 2. Nf3 Nc6 3. Bb5 f5 4. Nc3 fxe4 5. Nxe4 d5 6. Ng3 Bg4 7. h3 Bxf3 8.
Qxf3 Nf6 9. d3 Qd6 10. c3 O-O-O 11. O-O g6 12. Re1 Re8 13. Be3 Bg7 14. Rad1 Rhf8
15. c4 Kb8 16. Qe2 h6 17. Rc1 d4 18. Bxc6 Qxc6 19. Bd2 h5 20. Ne4 Nxe4 21. Qxe4
Qf6 22. f3 g5 23. b4 g4 24. hxg4 hxg4 25. Qxg4 Rh8 26. Kf2 Bh6 27. Bxh6 Qxh6 28.
Qe4 Reg8 29. Rg1 Qd2+ 30. Qe2 Qf4 31. Rcd1 Rh2 32. Kf1 Rgh8 33. a4 Qg3 34. Qf2
Qg5 35. a5 c6 36. Qe2 R8h6 37. Re1 R6h5 38. b5 Qh6 39. Qe4 R2h4 40. Qe2 Qf6 41.
Rb1 c5 42. a6 b6 43. Re1 e4 44. dxe4 Rg5 45. Kf2 Qg6 46. Qf1 Rh2 47. Rd1 Qh6 48.
Qe2 Qh3 49. Kf1 Rhxg2 50. Qxg2 Rxg2 51. Rxg2 Qxf3+ 52. Kg1 Qxd1+ 53. Kh2 Qh5+
54. Kg1 Qf7 55. Rf2 Qxc4 56. Rf8+ Kc7 57. Ra8 Qxb5 58. Rxa7+ Kd6 59. Ra8 Qb1+
60. Kf2 Qxe4 61. Rd8+ Ke7 62. Rh8 d3 63. a7 Qd4+ 64. Ke1 Qxh8 65. Kd2 c4 66. Ke3
Kd6 67. Kd2 Kd5 68. Ke3 Ke5 69. Kd2 Kd4 70. Kd1 b5 71. Kd2 b4 72. Kd1 c3 73. Ke1
b3 74. Kf2 c2 {White resigns} 0-1

[Event "Team 45 45 League T36"]
[Site "Internet Chess Club"]
[Date "2008.02.29"]
[Round "6"]
[White "Capamuerte"]
[Black "Zkid"]
[Result "0-1"]
[WhiteElo "2199"]
[BlackElo "2223"]
[Opening "Saragossa opening"]
[ECO "A00"]
[Time "23:36:25"]
[TimeControl "2700+45"]

1. c3 f5 2. Nf3 Nf6 3. d3 g6 4. Nbd2 Bg7 5. e3 d6 6. Qb3 c6 7. d4 Qb6 8. Qc4 Na6
9. b4 Nc7 10. a4 Be6 11. Qd3 Ncd5 12. Be2 O-O 13. Bb2 Ne4 14. O-O Ndf6 15. Nc4
Qc7 16. Nfd2 c5 17. bxc5 dxc5 18. Rfd1 Nxf2 19. Kxf2 Qxh2 20. Bf3 Ne4+ 21. Ke2
Ng3+ 22. Kf2 g5 23. Rg1 g4 24. Bxb7 f4 25. exf4 Rxf4+ 26. Nf3 gxf3 27. Ke3 Bh6
28. Nd2 Rxd4+ 29. Kf2 Rxd3 30. Nxf3 Rf8 31. Bc1 Rfxf3+ 32. Bxf3 Rxf3+ 33. Kxf3
Bd5+ 34. Kg4 Nf5 35. Bxh6 Nxh6+ {White resigns} 0-1

[Event "Team 45 45 League T36"]
[Site "Internet Chess Club"]
[Date "2008.03.02"]
[Round "6"]
[White "kolibandi"]
[Black "tini3blas"]
[Result "0-1"]
[WhiteElo "2067"]
[BlackElo "2199"]
[Opening "French defense"]
[ECO "C01"]
[Time "07:21:59"]
[TimeControl "2700+45"]

1. e4 e6 2. d4 Ne7 3. Nc3 d5 4. Nf3 Nbc6 5. Bd3 dxe4 6. Nxe4 Ng6 7. O-O Be7 8.
c3 O-O 9. Re1 e5 10. Bb1 exd4 11. Nxd4 Nxd4 12. cxd4 Be6 13. Be3 f5 14. Nc3 c6
15. Bd3 Qd7 16. g3 f4 17. Bxf4 Nxf4 18. gxf4 Rxf4 19. Qh5 g6 20. Qe5 Rg4+ 21.
Kh1 Kf7 22. Ne4 Rh4 23. f4 Rh5 24. Ng5+ Bxg5 25. fxg5 Qd5+ 26. Re4 Rxg5 27. Rf1+
Rf5 28. Rf4 Rd8 29. Bc4 Qxc4 30. Rxf5+ gxf5 31. Qf4 Qd5 {White resigns} 0-1

[Event "Team 45 45 League T36"]
[Site "Internet Chess Club"]
[Date "2008.03.03"]
[Round "6"]
[White "pestka"]
[Black "reb"]
[Result "1-0"]
[WhiteElo "2232"]
[BlackElo "2258"]
[Opening "QGD Slav: 3.Nf3"]
[ECO "D11"]
[Time "08:03:15"]
[TimeControl "2700+45"]

1. d4 d5 2. c4 c6 3. Nf3 Nf6 4. Qc2 g6 5. Bf4 Na6 6. e3 Bf5 7. Qb3 Nb4 8. Qxb4
e5 9. Qxb7 Rb8 10. Qxc6+ Bd7 11. Qxf6 Qxf6 12. Bxe5 Qb6 13. b3 Bb4+ 14. Nbd2 O-O
15. Bxb8 Rxb8 16. Bd3 Qa5 17. Ke2 Bc3 18. Rac1 Bg4 19. Rc2 Bxd2 20. Rxd2 Rb4 21.
Rc1 dxc4 22. Rxc4 Rxc4 23. Bxc4 Qh5 24. h3 Bxf3+ 25. gxf3 Qxh3 26. d5 Qd7 27. d6
h5 28. a4 Qd8 29. d7 Kf8 30. Bb5 a6 31. Bxa6 h4 32. Bb5 h3 33. f4 h2 34. Bc6 Ke7
35. a5 {Black resigns} 1-0

[Event "Team 45 45 League T36"]
[Site "Internet Chess Club"]
[Date "2008.03.01"]
[Round "6"]
[White "frontier"]
[Black "Fidius"]
[Result "1-0"]
[WhiteElo "2116"]
[BlackElo "2018"]
[Opening "English: Mikenas-Carls, Flohr variation"]
[ECO "A18"]
[Time "13:11:46"]
[TimeControl "2700+45"]

1. c4 Nf6 2. Nc3 e6 3. e4 d5 4. e5 Ng8 5. d4 dxc4 6. Bxc4 Nc6 7. Nf3 Nge7 8. Bg5
Qd7 9. O-O Na5 10. Bb5 c6 11. Bd3 Nd5 12. Ne4 b6 13. Qe2 Nb7 14. Rac1 Nb4 15.
Bb1 Be7 16. Bxe7 Kxe7 17. Qd2 Nd5 18. Qg5+ Kf8 19. Rfd1 Qe8 20. Qh4 Bd7 21. Nfg5
h6 22. Rd3 Kg8 23. Nh3 Qd8 24. Qg4 g6 25. Rf3 Kg7 26. Nf6 Rf8 27. Nf4 Nxf4 28.
Qxf4 Be8 29. Rcc3 Qe7 30. Qxh6+ Kxh6 31. Rh3+ Kg5 32. Rcg3+ Kf4 33. Rh4# {Black
checkmated} 1-0

[Event "Team 45 45 League T36"]
[Site "Internet Chess Club"]
[Date "2008.03.04"]
[Round "6"]
[White "GambitBandit"]
[Black "Loco-Motif"]
[Result "1-0"]
[WhiteElo "2105"]
[BlackElo "2000"]
[Opening "KP: Mengarini's opening"]
[ECO "C20"]
[Time "12:30:01"]
[TimeControl "2700+45"]

1. e4 e5 2. a3 g6 3. Nc3 Ne7 4. d4 Bg7 5. dxe5 Nbc6 6. Bg5 Bxe5 7. Qd2 O-O 8.
Nf3 Bg7 9. O-O-O Qe8 10. h4 d6 11. h5 gxh5 12. Rxh5 Bg4 13. Rh2 Ne5 14. Bh6 Nxf3
15. gxf3 Be5 16. Rg2 Ng6 17. Rxg4 Bg7 18. Bxg7 Kxg7 19. Bc4 h5 20. Rg5 Rh8 21.
f4 Kf8 22. Nd5 Qd8 23. Qd4 Rh6 24. Nf6 h4 25. f5 Ne7 26. Rdg1 h3 27. Rg8+ Nxg8
28. Rxg8+ Ke7 29. Rxd8 Rxd8 30. Ng4 h2 31. Nxh2 Rxh2 32. Qd5 Rf8 33. Qxb7 Rxf2
34. Qxc7+ Kf6 35. Qxd6+ Kg7 36. Qd4+ {Black resigns} 1-0

[Event "Team 45 45 League T36"]
[Site "Internet Chess Club"]
[Date "2008.03.03"]
[Round "6"]
[White "Creb"]
[Black "parrot9"]
[Result "0-1"]
[WhiteElo "1694"]
[BlackElo "1702"]
[Opening "Sicilian: Smith-Morra gambit"]
[ECO "B21"]
[Time "16:58:03"]
[TimeControl "2700+45"]

1. e4 c5 2. d4 cxd4 3. c3 Nf6 4. e5 Nd5 5. Nf3 e6 6. cxd4 d6 7. Bc4 Nb6 8. Bd3
Nc6 9. O-O Be7 10. a3 O-O 11. Qc2 h6 12. Be3 Nd5 13. Nc3 Nxe3 14. fxe3 dxe5 15.
Nxe5 Nxe5 16. dxe5 Qc7 17. Rf3 Qxe5 18. Raf1 Bd7 19. Bh7+ Kh8 20. Rxf7 Rxf7 21.
Rxf7 Qxe3+ 22. Kf1 Bc5 23. Be4 Bc6 24. Bxc6 Qg1+ 25. Ke2 Qe3+ 26. Kf1 Qg1+ 27.
Ke2 bxc6 28. Qe4 Rd8 29. Rc7 Qf2# {White checkmated} 0-1

[Event "Team 45 45 League T36"]
[Site "Internet Chess Club"]
[Date "2008.02.28"]
[Round "6"]
[White "Mikey29a"]
[Black "GoIrish"]
[Result "1/2-1/2"]
[WhiteElo "1677"]
[BlackElo "1549"]
[Opening "Alekhine's defense"]
[ECO "B02"]
[Time "21:07:58"]
[TimeControl "2700+45"]

1. e4 Nf6 2. e5 Nd5 3. c4 Nb6 4. d4 d6 5. Nf3 Bg4 6. Be2 dxe5 7. c5 Nd5 8. Nxe5
Bxe2 9. Qxe2 e6 10. Qb5+ Nd7 11. Nxd7 Qxd7 12. Qxb7 Qc8 13. Qxc8+ Rxc8 14. a3
Be7 15. Be3 O-O 16. Nc3 c6 17. Nxd5 exd5 18. O-O Bf6 19. f3 Rfe8 20. Bf2 Re2 21.
b4 Rce8 22. Rfd1 Rb2 23. Re1 Rxe1+ 24. Rxe1 Kf8 25. Kf1 g6 26. Re2 {Game drawn
by mutual agreement} 1/2-1/2

[Event "Team 45 45 League T36"]
[Site "Internet Chess Club"]
[Date "2008.03.02"]
[Round "6"]
[White "fredd"]
[Black "Invicta-Knight"]
[Result "0-1"]
[WhiteElo "1532"]
[BlackElo "1529"]
[Opening "Benkö gambit"]
[ECO "A57"]
[Time "22:06:58"]
[TimeControl "2700+45"]

1. d4 Nf6 2. c4 c5 3. d5 b5 4. b3 g6 5. Bd2 Bg7 6. Na3 b4 7. Nc2 Ne4 8. Nf3 Nxd2
9. Qxd2 Bxa1 10. Nxa1 d6 11. Qh6 Kd7 12. g3 Kc7 13. Nc2 Bf5 14. Qc1 Nd7 15. Ne3
Be4 16. Bg2 Qf8 17. a3 a5 18. a4 Qg7 19. Kd2 Bxf3 20. Bxf3 Qd4+ 21. Ke1 f5 22.
Nc2 Qc3+ 23. Qd2 Qxb3 24. e4 Qxf3 25. Rf1 Qxe4+ 26. Kd1 Qxc4 27. Ne3 Qb3+ 28.
Nc2 Ne5 29. Ke2 Qc4+ 30. Kd1 Qxf1+ 31. Ne1 Nf3 32. Qe3 Qxe1+ 33. Qxe1 Nxe1 34.
Kxe1 c4 35. Kd2 b3 36. Kc3 Rab8 37. Kb2 c3+ 38. Kb1 b2 39. Ka2 b1=Q+ {White
resigns} 0-1

[Event "Team 45 45 League T36"]
[Site "Internet Chess Club"]
[Date "2008.03.02"]
[Round "6"]
[White "civilization"]
[Black "MathWorker"]
[Result "1-0"]
[WhiteElo "1553"]
[BlackElo "1530"]
[Opening "Scandinavian defense"]
[ECO "B01"]
[Time "19:02:24"]
[TimeControl "2700+45"]

1. e4 d5 2. exd5 Nf6 3. d4 Bg4 4. Nf3 Qxd5 5. Be2 e6 6. O-O Be7 7. h3 Bh5 8. c4
Qd6 9. c5 Qd8 10. Nc3 Nbd7 11. b4 a6 12. a4 O-O 13. d5 exd5 14. Nxd5 Bg6 15.
Nxe7+ Qxe7 16. Re1 Qd8 17. Bb2 c6 18. Qb3 Qc7 19. Rad1 Rad8 20. Bc4 Be4 21. Ng5
Bd5 22. Bxd5 Nxd5 23. b5 Nxc5 24. Qc2 Nd7 25. Qxh7# {Black checkmated} 1-0

[Event "Team 45 45 League T36"]
[Site "Internet Chess Club"]
[Date "2008.03.02"]
[Round "6"]
[White "Duguesclin"]
[Black "frankd"]
[Result "1-0"]
[WhiteElo "1646"]
[BlackElo "1628"]
[Opening "QGA: 3.e4"]
[ECO "D20"]
[Time "14:55:55"]
[TimeControl "2700+45"]

1. d4 d5 2. c4 dxc4 3. e4 e5 4. d5 Nf6 5. Nc3 Bc5 6. h3 O-O 7. Bxc4 Bd4 8. Nge2
Bc5 9. O-O Qe7 10. Bg5 Rd8 11. Qc2 a6 12. Rad1 h6 13. d6 Bxd6 14. Nd5 Qf8 15.
Bxf6 gxf6 16. Nxf6+ Kh8 17. Ng3 Qg7 18. Ngh5 Qg5 19. f4 Qh4 20. fxe5 Bc5+ 21.
Kh2 Rxd1 22. Rxd1 Nc6 23. Bxf7 Ba7 24. Qd2 Qg5 25. Qd8+ {Black resigns} 1-0

[Event "Team 45 45 League T36"]
[Site "Internet Chess Club"]
[Date "2008.03.03"]
[Round "6"]
[White "wango"]
[Black "clarinetref"]
[Result "1-0"]
[WhiteElo "1531"]
[BlackElo "1630"]
[Opening "Sicilian: Nimzovich-Rossolimo attack (without ...d6)"]
[ECO "B30"]
[Time "21:14:55"]
[TimeControl "2700+45"]

1. e4 c5 2. Nf3 Nc6 3. Bb5 Nd4 4. Nxd4 cxd4 5. O-O a6 6. Bc4 e6 7. Re1 Qc7 8.
Qe2 b5 9. Bb3 e5 10. c3 dxc3 11. Nxc3 Bb7 12. d3 Nf6 13. Bg5 Be7 14. Rad1 O-O
15. d4 exd4 16. Rxd4 Qe5 17. Bxf6 Bxf6 18. Rxd7 Bc6 19. Rdd1 b4 20. Nd5 Qxb2 21.
Nxf6+ Qxf6 22. e5 Qg6 23. f4 Kh8 24. Rf1 Bb5 25. Bc4 Bxc4 26. Qxc4 Qb6+ 27. Kh1
Rac8 28. Qe4 a5 29. Rb1 Rc3 30. Rfe1 Qe6 31. f5 Qxa2 32. e6 fxe6 33. fxe6 Qc4
34. e7 Re8 35. Qf5 Qg8 36. Qxa5 Rcc8 37. Qxb4 Qf7 38. Re2 Qc4 39. Qb2 Rc7 40.
Rbe1 Kg8 41. Rf2 Rcxe7 42. Rxe7 Qc8 43. Qxg7# {Black checkmated} 1-0

[Event "Team 45 45 League T36"]
[Site "Internet Chess Club"]
[Date "2008.03.04"]
[Round "6"]
[White "seldredg"]
[Black "Aquaman"]
[Result "1-0"]
[WhiteElo "1328"]
[BlackElo "1382"]
[Opening "English: Bremen, Smyslov system"]
[ECO "A22"]
[Time "21:02:33"]
[TimeControl "2700+45"]

1. c4 e5 2. Nc3 Nf6 3. g3 Bb4 4. Bg2 O-O 5. Nf3 Re8 6. O-O Nc6 7. e4 Bxc3 8.
bxc3 Nxe4 9. Qb3 d6 10. d3 Nc5 11. Qc2 Bf5 12. Ng5 Bxd3 13. Qd1 Bxf1 14. Nxh7
Kxh7 15. Qh5+ Kg8 16. Bg5 f6 17. Bh6 Qe7 18. Kxf1 gxh6 19. Qg6+ Qg7 20. Bd5+ Ne6
21. Qf5 Qf7 22. Re1 Qe7 23. Re4 Kf8 24. Rg4 Ng7 25. Qh7 Nd8 26. Qg8# {Black
checkmated} 1-0

[Event "Team 45 45 League T36"]
[Site "Internet Chess Club"]
[Date "2008.03.03"]
[Round "6"]
[White "Jozin"]
[Black "badmove"]
[Result "1-0"]
[WhiteElo "1690"]
[BlackElo "1667"]
[Opening "Four knights: Rubinstein counter-gambit"]
[ECO "C48"]
[Time "13:58:52"]
[TimeControl "2700+45"]

1. e4 Nf6 2. Nc3 e5 3. Nf3 Nc6 4. Bb5 Nd4 5. Bc4 c6 6. Nxe5 d5 7. Be2 Bd6 8. Nf3
Nxe2 9. Qxe2 dxe4 10. Nxe4 Nxe4 11. Qxe4+ Qe7 12. d3 Bf5 13. Qxe7+ Bxe7 14. Bf4
O-O 15. O-O Rfe8 16. Rfe1 Bf6 17. Be5 Bxe5 18. Nxe5 Re6 19. Kf1 Rae8 20. Nc4 Rd8
21. Rxe6 Bxe6 22. Re1 Kf8 23. Na5 Rd7 24. Nb3 b6 25. Re3 Bxb3 26. axb3 Re7 27.
Rxe7 Kxe7 28. Ke2 Kd6 29. b4 Kd5 30. Ke3 b5 31. b3 c5 32. c4+ Kc6 33. bxc5 bxc4
34. dxc4 Kxc5 35. Kd3 a5 36. f4 Kb4 37. Kc2 f5 38. h4 h5 39. Kd3 Kxb3 40. c5 a4
41. c6 a3 42. c7 a2 43. c8=Q a1=Q 44. Qc4+ Ka3 45. Qa6+ Kb2 46. Qxa1+ Kxa1 47.
Kd4 Kb2 48. Ke5 Kc2 49. Kxf5 Kd3 50. Kg5 Ke4 51. g4 hxg4 52. Kxg4 Kd5 53. Kg5
Ke4 54. f5 Ke5 55. h5 Kd6 56. h6 gxh6+ 57. Kxh6 Ke7 58. Kg7 Ke8 59. f6 Kd7 60.
f7 Kd6 61. f8=Q+ Kd5 62. Qe7 Kd4 63. Qe6 Kc5 64. Kf6 Kd4 65. Qe5+ {Black
resigns} 1-0

[Event "Team 45 45 League T36"]
[Site "Internet Chess Club"]
[Date "2008.02.28"]
[Round "6"]
[White "BHogan"]
[Black "GolfSuper"]
[Result "1-0"]
[WhiteElo "1666"]
[BlackElo "1566"]
[Opening "QGD Slav: 3.Nf3"]
[ECO "D11"]
[Time "20:00:19"]
[TimeControl "2700+45"]

1. d4 d5 2. c4 c6 3. Nf3 Nf6 4. g3 e6 5. Bg2 Nbd7 6. O-O Bd6 7. Nbd2 O-O 8. Qc2
e5 9. dxe5 Nxe5 10. Nxe5 Bxe5 11. Nf3 Bd6 12. cxd5 Nxd5 13. Ng5 Nf6 14. Rd1 Qc7
15. Ne4 Bf5 16. Nxf6+ gxf6 17. Qxf5 Be5 18. Be4 {Black resigns} 1-0

[Event "Team 45 45 League T36"]
[Site "Internet Chess Club"]
[Date "2008.03.03"]
[Round "6"]
[White "twinders"]
[Black "SATELLITE-DAN"]
[Result "0-1"]
[WhiteElo "1684"]
[BlackElo "1619"]
[Opening "QGD: Albin counter-gambit"]
[ECO "D08"]
[Time "09:14:22"]
[TimeControl "2700+45"]

1. d4 d5 2. c4 e5 3. cxd5 Qxd5 4. Nc3 Bb4 5. a3 Bxc3+ 6. bxc3 e4 7. e3 c6 8. Qc2
Nf6 9. Bd2 O-O 10. Ne2 Bf5 11. Nf4 Qd8 12. Bc4 Nbd7 13. O-O Nb6 14. Bb3 Nbd5 15.
Ne2 Rc8 16. Ng3 Bg6 17. c4 Ne7 18. Bb4 Re8 19. c5 Nf5 20. Nxf5 Bxf5 21. Qc4 Nd5
22. Qe2 Qg5 23. Kh1 Re6 24. Bd1 Rh6 25. g3 Nf6 26. Qc2 Ng4 27. Bxg4 Bxg4 28. f4
exf3 29. Qf2 Re8 30. Bd2 Qe7 31. a4 Rf6 32. a5 a6 33. Qe1 Bh3 34. Rf2 Qc7 35. e4
Qd7 36. Qe3 Bg2+ 37. Rxg2 fxg2+ 38. Kxg2 Qg4 39. e5 Rh6 40. h4 Rxh4 41. Bc3 Qh3+
42. Kf2 Qh2+ 43. Kf3 Rh6 44. Ke4 Qc2+ 45. Kf4 Rf6+ 46. Kg4 Rg6+ 47. Kf3 Rf6+ 48.
Kg4 Qf5+ 49. Kh4 Rh6+ 50. Qxh6 gxh6 51. Bd2 h5 52. Bf4 Qg4# {White checkmated}
0-1

[Event "Team 45 45 League T36"]
[Site "Internet Chess Club"]
[Date "2008.02.29"]
[Round "6"]
[White "nanning"]
[Black "strudel"]
[Result "1-0"]
[WhiteElo "1612"]
[BlackElo "1422"]
[Opening "Sicilian: closed"]
[ECO "B23"]
[Time "14:59:12"]
[TimeControl "2700+45"]

1. e4 c5 2. Nc3 d6 3. g3 Nf6 4. Bg2 e6 5. d3 Be7 6. f4 a6 7. Nf3 Qc7 8. Be3 Nfd7
9. d4 b5 10. O-O Bb7 11. f5 b4 12. fxe6 fxe6 13. Ng5 Nc6 14. Nxe6 Qa5 15. Nxg7+
Kd8 16. Ne6+ Kc8 17. Nd5 Nd8 18. Nxe7+ Kb8 19. dxc5 {Black resigns} 1-0

[Event "Team 45 45 League T36"]
[Site "Internet Chess Club"]
[Date "2008.03.02"]
[Round "6"]
[White "BrerRabbit"]
[Black "Mustard"]
[Result "0-1"]
[WhiteElo "1547"]
[BlackElo "1871"]
[Opening "Queen's gambit declined"]
[ECO "D30"]
[Time "20:00:57"]
[TimeControl "2700+45"]

1. d4 e6 2. c4 d5 3. Nf3 c5 4. cxd5 exd5 5. g3 Nf6 6. Bg2 Be7 7. O-O O-O 8. Bg5
Nbd7 9. Nc3 h6 10. Bxf6 Nxf6 11. Rc1 b6 12. e3 Ba6 13. Re1 Rc8 14. Bh3 Rc7 15.
Qa4 Bc8 16. Bg2 Bd7 17. Qb3 c4 18. Qc2 Qc8 19. Ne5 Bf5 20. Qe2 Rd8 21. Bxd5 Nxd5
22. Nxd5 Rxd5 23. e4 Rxd4 24. exf5 Bf6 25. Qc2 Rc5 26. Nf3 Rd3 27. Re3 Qxf5 28.
Kg2 Qd7 29. Rce1 g6 30. Kg1 Qb5 31. Rxd3 cxd3 32. Qb3 Qxb3 33. axb3 Bxb2 34. Rd1
Rc3 35. Rd2 Bc1 36. Rd1 Bg5 37. Nxg5 hxg5 38. Rd2 Rxb3 39. Kg2 a5 40. Kf3 a4 41.
Ke3 a3 42. Ra2 b5 {White resigns} 0-1

[Event "Team 45 45 League T36"]
[Site "Internet Chess Club"]
[Date "2008.03.03"]
[Round "6"]
[White "OOB1"]
[Black "allanchs"]
[Result "0-1"]
[WhiteElo "1542"]
[BlackElo "1549"]
[Opening "Three knights game"]
[ECO "C46"]
[Time "15:15:48"]
[TimeControl "2700+45"]

1. e4 e5 2. Nf3 Nc6 3. Nc3 Bb4 4. d4 exd4 5. Nxd4 d5 6. Nxc6 bxc6 7. exd5 cxd5
8. Bd2 Nf6 9. Qe2+ Qe7 10. Qxe7+ Kxe7 11. O-O-O Be6 12. a3 Bc5 13. f3 Rab8 14.
Na4 Bd6 15. Be3 a6 16. Nc5 a5 17. Nb3 Ra8 18. Bd4 Rhb8 19. Bc3 a4 20. Nd4 Bd7
21. Bd3 c5 22. Nf5+ Bxf5 23. Bxf5 d4 24. Rde1+ Kf8 25. Bd2 Ra7 26. Kb1 Rab7 27.
Bc1 c4 28. Rd1 Bxa3 29. b3 Bc5 30. Bf4 Ra8 31. Be5 axb3 32. Bxf6 bxc2+ 33. Kxc2
Ra2+ {White resigns} 0-1

[Event "Team 45 45 League T36"]
[Site "Internet Chess Club"]
[Date "2008.02.29"]
[Round "6"]
[White "crag"]
[Black "Fidelian"]
[Result "1-0"]
[WhiteElo "1500"]
[BlackElo "1349"]
[Opening "Sicilian defense"]
[ECO "B32"]
[Time "20:54:16"]
[TimeControl "2700+45"]

1. e4 c5 2. Nf3 Nc6 3. d4 cxd4 4. Nxd4 a6 5. Nc3 e5 6. Nf3 Bb4 7. Bc4 h6 8. O-O
Bxc3 9. bxc3 Nf6 10. Re1 b5 11. Bb3 Na5 12. Nxe5 O-O 13. Bf4 Bb7 14. Bd5 Rc8 15.
Bxb7 Nxb7 16. Qd4 Re8 17. Rad1 Nc5 18. f3 Ne6 19. Qe3 Nh5 20. Rxd7 Qh4 21. g3
Qh3 22. Bxh6 gxh6 23. Qxh6 Rc7 24. Red1 Rf8 25. Ng4 Rxc3 {Black resigns} 1-0

[Event "Team 45 45 League T36"]
[Site "Internet Chess Club"]
[Date "2008.03.02"]
[Round "6"]
[White "Mfalme"]
[Black "Mudfrog"]
[Result "1-0"]
[WhiteElo "1327"]
[BlackElo "1439"]
[Opening "French: King's Indian attack"]
[ECO "C00"]
[Time "14:04:43"]
[TimeControl "2700+45"]

1. e4 e6 2. d3 d5 3. exd5 exd5 4. Nf3 Nf6 5. Be2 Bd6 6. O-O O-O 7. Bg5 Be7 8. d4
Bf5 9. Re1 Nbd7 10. Bd3 Bxd3 11. Qxd3 Rc8 12. Nc3 c6 13. Re3 Re8 14. Rae1 Ne4
15. Nxe4 dxe4 16. Rxe4 f6 17. Bh4 c5 18. dxc5 Nxc5 19. Qxd8 Rcxd8 20. R4e2 Kf7
21. Kf1 Na4 22. Rb1 Bc5 23. Rxe8 Rxe8 24. a3 g5 25. Bg3 Kg6 26. c4 h5 27. h3 g4
28. hxg4 hxg4 29. Nh2 f5 30. b4 Nc3 31. Rc1 Bd4 32. c5 Re2 33. Rxc3 Ra2 34. Rd3
Ra1+ 35. Ke2 Ra2+ 36. Rd2 Rb2 37. Rxb2 Bxb2 38. a4 Bc3 39. b5 Bd4 40. c6 bxc6
41. bxc6 Bb6 42. c7 {Black resigns} 1-0

[Event "Team 45 45 League T36"]
[Site "Internet Chess Club"]
[Date "2008.02.29"]
[Round "6"]
[White "SluMan"]
[Black "andreip"]
[Result "0-1"]
[WhiteElo "1982"]
[BlackElo "2054"]
[Opening "English: symmetrical variation"]
[ECO "A30"]
[Time "23:09:00"]
[TimeControl "2700+45"]

1. c4 c5 2. g3 g6 3. Bg2 Bg7 4. Nc3 Nf6 5. a3 Nc6 6. Rb1 O-O 7. b4 cxb4 8. axb4
a6 9. Nh3 d5 10. cxd5 Nxd5 11. Nxd5 Bxh3 12. Nxe7+ Qxe7 13. Bxh3 Qe4 {White
resigns} 0-1

[Event "Team 45 45 League T36"]
[Site "Internet Chess Club"]
[Date "2008.03.03"]
[Round "6"]
[White "gezira"]
[Black "Zillmer"]
[Result "1-0"]
[WhiteElo "2212"]
[BlackElo "1961"]
[Opening "Pirc defense"]
[ECO "B07"]
[Time "16:00:37"]
[TimeControl "2700+45"]

1. e4 d6 2. d4 Nf6 3. Nc3 g6 4. f3 Bg7 5. Be3 c6 6. Qd2 h5 7. O-O-O b5 8. e5
dxe5 9. dxe5 Qxd2+ 10. Rxd2 Nfd7 11. f4 Bb7 12. Nf3 a5 13. Bd3 Na6 14. e6 Ndc5
15. exf7+ Kxf7 16. Ng5+ {Black resigns} 1-0